 Dungeon Crawl Stone Soup version 0.24.0-37-gcf1ca852f1 (webtiles) character file.

Game seed: 2575947568950915591, levelgen mode: deterministic

830 Kobolds4U the Sneak (level 7, -3/57 HPs)
             Began as a Green Draconian Conjurer on Nov 24, 2019.
             Was an Initiate of Ashenzari.
             Slain by Prince Ribbit (14 damage)
             ... on level 5 of the Dungeon.
             The game lasted 00:28:00 (7896 turns).

Kobolds4U the Sneak (Green Draconian Conjurer)      Turns: 7896, Time: 00:28:02

Health: -3/57      AC:  7    Str: 10    XL:     7   Next: 65%
Magic:  0/15       EV: 12    Int: 17    God:    Ashenzari [......]
Gold:   241        SH:  0    Dex: 12    Spells: 11/17 levels left

rFire    + . .     SeeInvis .   j - +0 short sword
rCold    . . .     Gourm    .   (no shield)
rNeg     . . .     Faith    .   (armour unavailable)
rPois    +         Spirit   +   (helmet restricted)
rElec    .         Reflect  .   y - scarf {Spirit}
rCorr    .         Harm     .   u - +0 pair of gloves (curse)
MR       .....                  (no boots)
Stlth    +++.......             (no amulet)
HPRegen  0.19/turn              C - ring of protection from fire
MPRegen  0.14/turn              (no ring)

@: no status effects
A: breathe noxious fumes, unfitting armour, poison resistance, cold-blooded, AC
+6
a: Breathe Noxious Fumes, Curse Item, Renounce Religion


You were on level 5 of the Dungeon.
You worshipped Ashenzari.
Ashenzari was noncommittal.
You were very hungry.

You visited 2 branches of the dungeon, and saw 6 of its levels.
You also visited: Sewer.

You collected 241 gold pieces.

Inventory:

Hand Weapons
 j - a +0 short sword (weapon)
Missiles
 k - 5 boomerangs (quivered)
Armour
 u - a cursed +0 pair of gloves (worn)
 y - a scarf of spirit shield (worn)
Jewellery
 C - a ring of protection from fire (left hand)
Wands
 A - a wand of disintegration (4)
Scrolls
 a - 2 scrolls of enchant armour
 d - a scroll of enchant weapon {unknown}
 e - 5 scrolls of teleportation
 f - 5 scrolls of remove curse
 l - a scroll of fear {unknown}
 m - a scroll of amnesia {unknown}
 n - a scroll of random uselessness {unknown}
 s - a scroll of blinking {unknown}
 w - a scroll of magic mapping {unknown}
 x - a scroll of fog {unknown}
 D - 2 scrolls of identify
Potions
 c - 4 potions of haste
 g - a potion of ambrosia {unknown}
 h - 2 potions of lignification
 i - a potion of invisibility
 o - 3 potions of might {unknown}
 p - a potion of magic {unknown}
 q - 6 potions of heal wounds
 r - a potion of degeneration {unknown}
 t - 2 potions of agility {unknown}
 v - 4 potions of curing
 z - 5 potions of flight
 B - 3 potions of brilliance {unknown}
Comestibles
 b - 6 rations
 E - a chunk of flesh


   Skills:
 - Level 3.0 Fighting
 - Level 1.7 Dodging
 + Level 5.7 Stealth
 + Level 5.7 Spellcasting
 - Level 4.0 Conjurations


You had 11 spell levels left.
You knew the following spells:

 Your Spells              Type           Power        Failure   Level  Hunger
a - Magic Dart            Conj           ###.         2%          1    None
b - Searing Ray           Conj           ###...       3%          2    #......
c - Dazzling Spray        Conj/Hex       ##....       17%         3    ##.....

Your spell library contained the following spells:

 Spells                   Type           Power        Failure   Level  Hunger
 Iskenderun's Mystic Bla  Conj           ###.....     26%         4    ####...
 Force Lance              Conj/Tloc      ##......     50%         4    ####...
 Fulminant Prism          Conj/Hex       ##........   50%         4    ####...


Dungeon Overview and Level Annotations

Branches:
Dungeon (5/15)             Temple (1/1) D:4           Sewer (visited)

Altars:
Ashenzari
Cheibriados
Elyvilon
Fedhas
Kikubaaqudgha
Nemelex Xobeh
Okawaru
Qazlal
Ru
Sif Muna
Trog
Uskayaw
Vehumet
Wu Jian
Xom
Yredelemnul
Zin
The Shining One

Annotations:
D:3 3 runed translucent doors, bepis228's ghost, amateur KoHu
D:5 Prince Ribbit


Innate Abilities, Weirdness & Mutations

You can breathe blasts of noxious fumes.
Your lurid green scales are hard. (AC +6)
You cannot fit into any form of body armour.
Your system is resistant to poisons. (rPois)
You are cold-blooded and may be slowed by cold attacks.


Message History

You see here a worm corpse.
You butcher the worm corpse.
You see here a chunk of flesh.
E - a chunk of flesh Prince Ribbit barely misses you.
Prince Ribbit misses you.
Your magical contamination has completely faded away.
Prince Ribbit blinks!
Casting: Dazzling Spray (safe; 17% risk of failure)
Confirm with . or Enter, or press ? or * to list all spells.
Aiming: Searing Ray (safe; 3% risk of failure)
Press: ? - help, Shift-Dir - straight line, f/p - Prince Ribbit
Aim: Prince Ribbit (lightly wounded)
The searing ray hits Prince Ribbit.
Prince Ribbit is lightly wounded. (Press . to maintain the ray.) Prince Ribbit hits you!
* * * LOW HITPOINT WARNING * * *
Prince Ribbit hits you!
You die...

...$ ..# ##.###.# ##...##.####
#..........# #..F.##.##.#
#.#.###.##.##### #.#.# #.........
# #.#.# ##...#### . #.#.# #@###
## # ##### ##.#.# #F# ##8#######8
.... #....# #.######...##≈##.. .#
#..######.##..#_.......... .# #
#..# ##...##.###...##.##..
#####.##..###.........##8##≈.≈##8
............#..........## ##.## #
#####.............#.#.## #..# ###
####.........##.#.#####.###


You could see Prince Ribbit.

Vanquished Creatures
  Menkaure (D:5)
  An ice beast (D:3)
  2 big kobolds (Sewer)
  A bullfrog zombie (D:5)
  A hound (D:4)
  An orc wizard (D:3)
  An iguana (D:4)
  2 worker ants
  7 adders
  A howler monkey skeleton (D:4)
  10 river rats
  An ooze (D:1)
  5 worms
  4 dart slugs
  3 leopard geckos
  8 orcs
  11 bats
  3 giant cockroaches
  4 goblins
  5 hobgoblins
  9 jackals (D:1)
  21 kobolds
  7 ball pythons
  4 frilled lizards
  22 rats
135 creatures vanquished.

Notes
Turn   | Place    | Note
-------+----------+-------------------------------------------
     0 | D:1      | Kobolds4U the Draconian Conjurer began the quest for the
                  | Orb.
     0 | D:1      | Reached XP level 1. HP: 14/14 MP: 3/3
   166 | D:1      | Reached XP level 2. HP: 16/20 MP: 0/5
   310 | D:1      | Learned a level 2 spell: Searing Ray
  1277 | D:1      | Reached XP level 3. HP: 26/26 MP: 7/7
  1489 | D:1      | Learned a level 3 spell: Dazzling Spray
  2831 | D:3      | Reached XP level 4. HP: 32/33 MP: 1/10
  3326 | D:3      | Noticed an ice beast
  3342 | D:3      | Killed an ice beast
  3342 | D:3      | Reached skill level 1 in Fighting
  3342 | D:3      | Reached XP level 5. HP: 24/41 MP: 1/11
  3630 | D:3      | Found a runed translucent gate.
  3630 | D:3      | Found a runed translucent gate.
  3630 | D:3      | Found a runed translucent gate.
  4027 | D:3      | Noticed bepis228's ghost (amateur KoHu)
  4083 | D:4      | Found a staircase to the Ecumenical Temple.
  4244 | D:4      | Reached XP level 6. HP: 32/48 MP: 6/12
  4361 | Temple   | Entered the Ecumenical Temple
  4428 | Temple   | Became a worshipper of Ashenzari the Shackled
  5521 | D:5      | Entered Level 5 of the Dungeon
  5837 | D:5      | Noticed Menkaure
  5847 | D:5      | Killed Menkaure
  5847 | D:5      | Your scales start taking on a lurid green colour.
  5847 | D:5      | Reached XP level 7. HP: 26/57 MP: 0/14
  5847 | D:5      | Gained mutation: Your system is resistant to poisons.
                  | (rPois) [Green Draconian growth]
  5865 | D:5      | Found a glowing drain.
  5894 | D:5      | HP: 1/57 [river rat (8)]
  5923 | D:5      | Reached skill level 5 in Spellcasting
  5972 | Sewer    | Entered a sewer
  6505 | Sewer    | Reached skill level 5 in Stealth
  7774 | D:5      | Found a hide-covered altar of Uskayaw.
  7774 | D:5      | Found a basalt altar of Yredelemnul.
  7831 | D:5      | Noticed Prince Ribbit
  7896 | D:5      | Slain by Prince Ribbit

Levels and vault maps discovered:
D:1:      sevenhm_arrival_forest_fort_small_4, layout_loops_corners,
          minivault_24
D:2:      layout_basic
D:3:      layout_loops_ring, gammafunk_ghost_icy, first_ration,
          minmay_stone_trees_small
D:4:      layout_gridville, temple_fountains, kennysheep_small_spiral
D:5:      layout_loops_ring, amethyst_overflow_temple_binary,
          cheibrodos_sewer_entry_sluice, uniq_prince_ribbit1, uniq_menkaure
Temple:   nicolae_temple_x_marks_the_god

Skill      XL: |  1  2  3  4  5  6  7 |
---------------+----------------------+-----
Spellcasting   | 3 4 5 |  5.7
Fighting       | 1 2 3 |  3.0
Stealth        | 3 4 5 |  5.7
Dodging        | |  1.7
Conjurations   | |  4.0

Action                   |  1- 3 |  4- 6 |  7- 9 || total
-------------------------+-------+-------+-------++-------
Melee: Unarmed           |    22 |       |       ||    22
       Tailslap          |     9 |    11 |     6 ||    26
       Short sword       |    67 |    99 |   122 ||   288
Throw: Boomerang         |       |     6 |       ||     6
 Cast: Magic Dart        |    59 |    52 |    60 ||   171
       Searing Ray       |     5 |     8 |     7 ||    20
       Dazzling Spray    |     1 |     2 |    17 ||    20
Invok: Curse Item        |       |       |     1 ||     1
  Use: Scroll            |       |     7 |       ||     7
       Potion            |       |       |     2 ||     2
 Stab: Sleeping          |     1 |     7 |       ||     8
       Invisible         |       |     1 |     2 ||     3
  Eat: Chunk             |     6 |    10 |     7 ||    23
Armor: Skin              |    43 |    30 |    48 ||   121
Dodge: Dodged            |    76 |    75 |   105 ||   256
